 Dungeon Crawl Stone Soup version 0.31-a0-1570-g93c622d222 (webtiles) character file.

Game seed: 16634347428263069931

84 Laraso the Chopper (level 4, 0/39 HPs)
             Began as a Hill Orc Monk on Jan 3, 2024.
             Killed from afar by Robin (13 damage)
             ... with a puff of flame
             ... on level 2 of the Dungeon.
             The game lasted 00:02:38 (1696 turns).

Laraso the Chopper (Hill Orc Monk)                  Turns: 1696, Time: 00:02:39

Health: 0/39       AC:  4    Str: 17    XL:     4   Next: 46%
Magic:  4/4        EV: 12    Int:  9    God:
Gold:   75         SH:  0    Dex: 12    Spells: 3/3 levels left

rFire   x . .        a - +0 hand axe
rCold   . . .        d - orb {light}
rNeg    . . .        b - +0 robe
rPois   .            (no helmet)
rElec   .            e - +0 cloak
rCorr   .            f - +0 pair of gloves
SInv    .            (no boots)
Will    .....        (no amulet)
Stlth   +            (no ring)
HPRegen 0.26/turn    (no ring)
MPRegen 0.09/turn

%: no passive effects
@: confused, ambrosia-drunk, glowing
A: clumsy 1, strong 1, heat vulnerability 1
a: no special abilities


You were on level 2 of the Dungeon.
You visited 1 branch of the dungeon, and saw 2 of its levels.

You collected 75 gold pieces.

Inventory:

Hand Weapons
 a - a +0 hand axe (weapon)
Armour
 b - a +0 robe (worn)
 d - an orb of light (worn)
 e - a +0 cloak (worn)
 f - a +0 pair of gloves (worn)
Scrolls
 g - a scroll of noise
 i - a scroll of vulnerability {unknown}


   Skills:
 - Level 3.6 Fighting
 * Level 6.8 Axes
 - Level 2.4 Dodging


You had 3 spell levels left.
You didn't know any spells.
Your spell library contained the following spells:

 Spells                   Type           Power      Damage    Failure   Level
 Gell's Gravitas          Tloc           0%         N/A       77%         3
 Teleport Other           Tloc           0%         N/A       77%         3
 Tukima's Dance           Hex            0%         N/A       77%         3
 Passage of Golubria      Tloc           0%         N/A       99%         4
 Yara's Violent Unravell  Hex/Alch       0%         3d3       100%        5
 Dispersal                Tloc           0%         N/A       100%        6


Dungeon Overview and Level Annotations

Branches:
Dungeon (2/15)

Altars:

Annotations:
D:2 Robin


Innate Abilities, Weirdness & Mutations

You are clumsy. (Dex -2)
Your muscles are strong. (Str +4, Int/Dex -1)
You are vulnerable to heat. (rF-)


Message History

You are caught in a web!
The web tears apart.
The ribbon worm expels a string of sticky webbing.
The stream of webbing hits you but does no damage.
You are caught in a web!
The web tears apart.
You hit the ribbon worm.
The ribbon worm is heavily wounded.
The ribbon worm closely misses you.
You slash the ribbon worm!
The ribbon worm is almost dead.
The ribbon worm completely misses you.
You completely miss the ribbon worm.
The ribbon worm is almost dead.
The ribbon worm expels a string of sticky webbing.
The stream of webbing hits you but does no damage.
You are caught in a web!
The web tears apart.
You slash the ribbon worm!
You kill the ribbon worm!
Found a stone staircase leading down.
There is a stone staircase leading down here.
Robin and a goblin come into view.
Robin is wielding a +0 short sword and carrying a wand of flame.
Robin shouts!
The goblin shouts! x2; You hear a shout! x3
A goblin comes into view. It is wielding a +0 club.
A hobgoblin comes into view. x2
There are monsters nearby!
There are monsters nearby!
Unknown command.
Robin roars a battlecry!
Robin zaps a wand.
The puff of flame hits you! The fire burns you terribly!
Robin zaps a wand.
The puff of flame hits you! The fire burns you terribly!
Robin zaps a wand.
The puff of flame hits you! The fire burns you terribly!
* * * LOW HITPOINT WARNING * * *
You are confused.
You feel invigorated.
Robin zaps a wand.
The puff of flame hits you! The fire burns you terribly!
You die...
Robin lets out a smug laugh.

.##........ #g#
.##........ #.#
....########## #g#
.............# #g# ##
###.#
....########.###.# #..
....# ....#
#...#.#.#.####...#
....#
########.#.#.#....#...#
##.##
#..........#.#..#.#...#
#.#
#.########@#.#....#...#
#.# #.# #.#.#..###...#
#.# #.# #.#.#....#)..#
#.# #.# #.#..<...#...#
#.####.# #.#..........#
#......#
#.#.#........###
########
#.#.#.#.###.#..#
#.#.#.#.##..#..#
#.#.#.#.##.##..#


You could see Robin and a hobgoblin (strong).

Vanquished Creatures
  Crazy Yiuf (D:2)
  A dart slug (D:2)
  3 ribbon worms (D:2)
  7 endoplasms (D:1)
  3 giant cockroaches
  6 goblins
  6 hobgoblins
  A kobold (D:2)
  A quokka (D:1)
  5 ball pythons
  5 bats (D:1)
  4 rats
43 creatures vanquished.

Notes
Turn   | Place    | Note
-------+----------+-------------------------------------------
     0 | D:1      | Laraso the Hill Orc Monk began the quest for the Orb.
     0 | D:1      | Reached XP level 1. HP: 19/19 MP: 1/1
   184 | D:1      | Reached XP level 2. HP: 25/26 MP: 2/2
   187 | D:1      | Found a faded altar of an unknown god.
   249 | D:1      | Reached skill level 5 in Axes
   393 | D:1      | Reached XP level 3. HP: 20/31 MP: 3/3
  1098 | D:2      | Reached skill level 6 in Axes
  1228 | D:2      | Found a runed translucent door.
  1229 | D:2      | Noticed Crazy Yiuf
  1313 | D:2      | Gained mutation: You are clumsy. (Dex -2) [potion of
                  | mutation]
  1313 | D:2      | Gained mutation: You are vulnerable to heat. (rF-) [potion
                  | of mutation]
  1313 | D:2      | Gained mutation: Your muscles are strong. (Str +4, Int/Dex
                  | -1) [potion of mutation]
  1322 | D:2      | Killed Crazy Yiuf
  1323 | D:2      | Reached XP level 4. HP: 16/39 MP: 4/4
  1680 | D:2      | Noticed Robin
  1696 | D:2      | Killed from afar by Robin

Illustrated notes

Levels and vault maps discovered:
D:1:      lightli_arrival_statue_moat, layout_basic,
          ebering_ecumenical_altar_rust, minmay_cut_off
D:2:      layout_basic, minmay_liquid_box, uniq_crazy_yiuf_cottage, uniq_robin

Skill      XL: |  1  2  3 |
---------------+----------+-----
Axes           | 5 6 |  6.8
Fighting       | |  3.6
Dodging        | |  2.4

Action                     |  1- 3 |  4- 6 || total
---------------------------+-------+-------++-------
  Melee: Hand axe          |   112 |    11 ||   123
    Use: Potion            |     2 |     1 ||     3
         Scroll            |     2 |       ||     2
 Armour: Robe              |    47 |     6 ||    53
  Dodge: Dodged            |    46 |     7 ||    53

Table legend: (Time is in decaauts)
 A = Elapsed time spent in this place.
 B = Non-inter-level travel time spent in this place.
 C = Inter-level travel time spent in this place.
 D = Time resting spent in this place.
 E = Time spent auto-exploring this place.
 F = Levels seen in this place.
 G = Mean time per level.
                   A        B        C        D        E       F      G
               +--------+--------+--------+--------+--------+-----+--------+
         Total |   1698 |   1637 |     61 |    183 |   1126 |   2 |  849.0 |
       Dungeon |   1698 |   1637 |     61 |    183 |   1126 |   2 |  849.0 |
               +--------+--------+--------+--------+--------+-----+--------+

Top non-repeatable levels by time:
     D:2: 913 daAuts
     D:1: 784 daAuts
